Map: Lightshade LE

Players

ViBE - Winner!

  • Race: Protoss Protoss
  • League: Diamond

tottenhamfan

  • Race: Protoss Protoss
  • League: Diamond

VOD

Have the link to the VOD?

Description

Time

  • Played on: April 12, 2021, 2:06 a.m.
  • Length: 3:12
Show
View Real Time Build Order
Export as new Build Order

ViBE Protoss - Winner!

Build Orders: Cannon Rush 

Get SALT Encoding   

  12  0:00  Probe  
  13  0:12  Probe  
  14  0:18  Pylon  
  14  0:24  Probe  
  15  0:37  Forge  
  15  0:39  Probe  
  16  0:54  Pylon  
  16  1:00  Probe  
  16  1:03  Pylon  
  17  1:12  Probe  
  17  1:13  Photon Cannon  
  18  1:21  Photon Cannon  
  18  1:31  Gateway  
  18  1:37  Pylon  
  18  1:57  Photon Cannon  
  18  2:01  Gateway  
  18  2:39  Zealot (Chrono Boost)  
  18  2:42  Photon Cannon  
  18  2:43  Photon Cannon  
  18  2:45  Pylon  
  18  2:51  Zealot (Chrono Boost)  
Show
View Real Time Build Order
Export as new Build Order

tottenhamfan Protoss 

Build Orders: Double Forge 

Get SALT Encoding   

  12  0:00  Probe  
  13  0:12  Probe  
  14  0:17  Pylon  
  14  0:24  Probe  
  15  0:36  Probe (Chrono Boost)  
  15  0:37  Gateway  
  16  0:47  Assimilator, Probe (Chrono Boost)  
  17  0:52  Probe (Chrono Boost)  
  18  1:03  Probe  
  19  1:08  Gateway  
  19  1:14  Pylon  
  19  1:15  Probe  
  20  1:23  Forge  
  19  1:28  Cybernetics Core  
  19  1:35  Forge  
Tags
 
Add a new tag
Caveats
  • Supply blocks, unpowered buildings, or Contaminate may cause inaccurate times.
  • Supply counts are checked every 10 seconds.